 Dungeon Crawl Stone Soup version 0.25.1-8-g42b30a86e7 (webtiles) character file.

Game seed: 12627807885573009728

10484 Cazemata the Warrior (level 11, -2/112 HPs)
             Began as a Minotaur Berserker on Dec 21, 2020.
             Was a High Priest of Trog.
             Slain by a porcupine (6 damage)
             ... while petrified by a basilisk
             ... on level 11 of the Dungeon.
             The game lasted 00:36:25 (13071 turns).

Cazemata the Warrior (Minotaur Berserker)          Turns: 13071, Time: 00:36:28

Health: -2/112     AC: 10    Str: 25 (27) XL:     11   Next: 36%
Magic:  10/10      EV:  2    Int:  5 (6)  God:    Trog [*****.]
Gold:   406        SH:  0    Dex:  8 (9)  Spells: 10/10 levels left

rFire    + . .     SeeInvis +   a - +1 hand axe
rCold    . . .     Gourm    .   (no shield)
rNeg     + + +     Faith    .   b - +1 ring mail {MR+}
rPois    ∞         Spirit   .   d - +0 hat {SInv}
rElec    .         Reflect  .   y - +0 cloak
rCorr    .         Harm     .   z - +1 pair of gloves {Str+3}
MR       +....                  n - +0 pair of boots
Stlth    ..........             (no amulet)
HPRegen  0.28/turn              r - ring of protection from fire
MPRegen  0.12/turn              x - ring of poison resistance

@: brilliant, petrified
A: retaliatory headbutt, horns 2
a: Berserk, Trog's Hand, Brothers in Arms, Renounce Religion


You were on level 11 of the Dungeon.
You worshipped Trog.
Trog was extremely pleased with you.
You were not hungry.

You visited 2 branches of the dungeon, and saw 12 of its levels.

You collected 637 gold pieces.
You spent 231 gold pieces at shops.

Inventory:

Hand Weapons
 a - a +1 hand axe (weapon)
 i - a +3 scimitar of flaming
Armour
 b - a +1 ring mail of magic resistance (worn)
 d - a +0 hat of see invisible (worn)
 n - a +0 pair of boots (worn)
 y - a +0 cloak (worn)
 z - a +1 pair of gloves of strength (worn)
Jewellery
 h - an uncursed ring of protection from cold
 r - a ring of protection from fire (left hand)
 x - a ring of poison resistance (right hand)
 C - an uncursed amulet of faith {unknown}
Wands
 m - a wand of disintegration (34)
 s - a wand of enslavement (18)
 u - a wand of flame (16)
 E - a wand of iceblast (7)
 G - a wand of digging (3)
Scrolls
 e - 3 scrolls of enchant weapon
 q - 4 scrolls of remove curse
 w - 2 scrolls of identify
 D - a scroll of blinking
 F - 3 scrolls of teleportation
Potions
 f - 3 potions of curing
 g - 2 potions of magic
 p - a potion of haste
 t - a potion of invisibility
Comestibles
 c - 22 rations


   Skills:
 * Level 15.0 Fighting
 + Level 0.2 Long Blades
 - Level 14.7 Axes
 - Level 2.4 Armour
 - Level 2.1 Dodging


You had 10 spell levels left.
You didn't know any spells.
Your spell library was empty.

Dungeon Overview and Level Annotations

Branches:
Dungeon (11/15)            Temple (1/1) D:5            Lair (0/6) D:11
    Orc: D:9-12

Altars:
Ashenzari
Cheibriados
Dithmenos
Elyvilon
Fedhas
Gozag
Hepliaklqana
Kikubaaqudgha
Makhleb
Nemelex Xobeh
Okawaru
Qazlal
Ru
Sif Muna
Trog
Uskayaw
Vehumet
Wu Jian
Xom
Yredelemnul
Zin
The Shining One
Beogh

Shops:
D:4 !   D:6 !   D:8 [

Annotations:
D:10 exclusion: ice statue


Innate Abilities, Weirdness & Mutations

You reflexively headbutt those who attack you in melee.
You have a pair of horns on your head.


Message History

The wolf bites you but does no damage.
The bullfrog hits you but does no damage.
The porcupine bites you!
* * * LOW HITPOINT WARNING * * *
The wolf bites you.
* * * LOW HITPOINT WARNING * * *
The crocodile bites you.
* * * LOW HITPOINT WARNING * * *
The bullfrog hits you but does no damage.
The basilisk gazes at you. You resist with almost no effort.
The porcupine bites you!
* * * LOW HITPOINT WARNING * * *
The wolf bites you but does no damage. The bullfrog hits you.
* * * LOW HITPOINT WARNING * * *
The crocodile barely misses you. The wolf bites you!
* * * LOW HITPOINT WARNING * * *
The basilisk bites you but does no damage.
The porcupine bites you!
You die...

....#.........♣
.........P♣.PP♣
............PP>
...............P
.>........P..PP.
.........♣......
.......Ftr...P..
.......)@lt....P
#........h#..P..
..........##..P.
.......<.....# #
...#............
. #.....##.....
......#. .....
#...............
##.......#....#.


You could see a basilisk, 2 crocodiles, a wolf, a bullfrog and a porcupine.

Vanquished Creatures
  A hydra (D:9)
  Erica (D:8)
  2 two-headed ogres (D:9)
  Psyche (D:8)
  A troll (D:7)
  A hornet (D:8)
  A queen bee (D:10)
  A hippogriff (D:8)
  2 dream sheep (D:9)
  Sigmund (D:2)
  2 yaks (D:9)
  A hungry ghost (D:8)
  3 water moccasins
  A porcupine (D:11)
  4 orc warriors
  A sky beast (D:6)
  3 ice beasts
  4 centaurs
  3 ogres
  2 wolves (D:11)
  4 big kobolds (D:9)
  4 bullfrogs
  A wyvern zombie (D:4)
  A wyvern skeleton (D:10)
  2 scorpions
  27 killer bees
  A vampire bat (D:6)
  3 crimson imps
  A quasit (D:8)
  2 bullfrog zombies
  3 hounds
  5 orc priests
  2 centaur skeletons
  2 centaur zombies
  2 jellies
  3 iguanas
  12 orc wizards
  10 worker ants
  A hound zombie (D:5)
  A hound skeleton (D:6)
  12 adders
  5 shadow imps
  3 adder skeletons
  A worm (D:4)
  2 dart slugs
  6 leopard geckos
  59 orcs
  4 bat skeletons (D:6)
  A bat zombie (D:6)
  6 giant cockroaches
  11 hobgoblins
  15 jackals
  3 quokkas
  A ball python (D:2)
  10 bats
  4 frilled lizards
  12 goblins
  A goblin skeleton (D:5)
  2 goblin zombies (D:5)
  15 kobolds
  A kobold skeleton (D:5)
  A kobold zombie (D:5)
  An orc skeleton (D:5)
  2 orc zombies (D:5)
  3 rats
304 creatures vanquished.

Notes
Turn   | Place    | Note
-------+----------+-------------------------------------------
     0 | D:1      | Cazemata the Minotaur Berserker began the quest for the
                  | Orb.
     0 | D:1      | Reached XP level 1. HP: 19/19 MP: 0/0
   267 | D:1      | Reached XP level 2. HP: 26/26 MP: 1/1
  1077 | D:2      | Reached skill level 5 in Axes
  1107 | D:2      | Reached XP level 3. HP: 30/31 MP: 2/2
  1192 | D:2      | Reached ** piety under Trog
  1404 | D:2      | Found a faded altar of an unknown god.
  1631 | D:2      | Found a shattered altar of Ashenzari.
  1682 | D:2      | Reached XP level 4. HP: 37/39 MP: 3/3
  1776 | D:2      | Reached XP level 5. HP: 32/45 MP: 4/4
  2039 | D:2      | Found a sparkling altar of Nemelex Xobeh.
  2064 | D:2      | Noticed Sigmund
  2071 | D:2      | Killed Sigmund
  2071 | D:2      | Reached XP level 6. HP: 51/51 MP: 5/5
  3002 | D:4      | Reached XP level 7. HP: 22/57 MP: 6/6
  3075 | D:4      | Reached skill level 10 in Axes
  3480 | D:4      | Found Haicioce's Distillery.
  3764 | D:4      | Found a bloodstained altar of Trog.
  4088 | D:5      | Entered Level 5 of the Dungeon
  4115 | D:5      | Reached *** piety under Trog
  4541 | D:5      | Reached XP level 8. HP: 63/64 MP: 7/7
  4844 | D:5      | Found a glowing golden altar of the Shining One.
  5057 | D:5      | Found a staircase to the Ecumenical Temple.
  5063 | Temple   | Entered the Ecumenical Temple
  6098 | D:6      | Found a hazy altar of Hepliaklqana.
  6108 | D:6      | Found Niemom's Distillery.
  6161 | D:6      | Found an ancient bone altar of Kikubaaqudgha.
  6555 | D:7      | Found an iron altar of Okawaru.
  7086 | D:7      | Noticed a troll
  7097 | D:7      | Killed a troll
  7511 | D:7      | Reached XP level 9. HP: 52/70 MP: 8/8
  7969 | D:8      | Reached **** piety under Trog
  8283 | D:8      | Found Avyipp's Armour Emporium.
  8298 | D:8      | Bought a +1 pair of gloves of strength for 231 gold pieces
  8314 | D:8      | Noticed Erica
  8333 | D:8      | Killed Erica
  8333 | D:8      | Reached skill level 7 in Fighting
  8438 | D:8      | Reached skill level 8 in Fighting
  8695 | D:8      | Noticed Psyche
  8716 | D:8      | Killed Psyche
  8716 | D:8      | Reached skill level 9 in Fighting
  8716 | D:8      | Reached XP level 10. HP: 81/91 MP: 9/9
  9704 | D:9      | Noticed a two-headed ogre
  9719 | D:9      | Killed a two-headed ogre
  9719 | D:9      | Reached skill level 10 in Fighting
  9766 | D:9      | Reached skill level 11 in Fighting
  9785 | D:9      | Noticed a two-headed ogre
  9801 | D:9      | Killed a two-headed ogre
 10398 | D:9      | Found a runed translucent door.
 10461 | D:9      | Reached skill level 12 in Fighting
 10529 | D:9      | Found a roughly hewn altar of Beogh.
 10755 | D:9      | Reached ***** piety under Trog
 10766 | D:9      | Reached skill level 13 in Fighting
 10792 | D:9      | Noticed a two-headed hydra
 10802 | D:9      | Killed a one-headed hydra
 10802 | D:9      | Reached XP level 11. HP: 78/107 MP: 10/10
 11021 | D:10     | Entered Level 10 of the Dungeon
 11600 | D:10     | Reached skill level 14 in Fighting
 12193 | D:10     | Received a gift from Trog
 13051 | D:11     | Found a staircase to the Lair.
 13059 | D:11     | Reached skill level 15 in Fighting
 13071 | D:11     | HP: 4/112 [wolf (3)]
 13071 | D:11     | Slain by a porcupine

Illustrated notes

Levels and vault maps discovered:
D:1:      dpeg_arrival_boxes_within_box, layout_basic
D:2:      layout_basic, nemelex_altar_shiori, chequers_ecumenical_altar_simple,
          evilmike_ruin_ashenzari, uniq_sigmund
D:3:      layout_loops_cross, minmay_cupped
D:4:      layout_basic, kennysheep_mini_moat, serial_shops, shop, first_ration
D:5:      minmay_skewed_foursquare, layout_basic, nicolae_tso_besieged_by_evil,
          minmay_temple_entry_statues, corexii_checkpoint_a,
          grunt_decor_fettered
D:6:      layout_basic, kennysheep_vampire_church, overflow_temple_1_default,
          serial_shops, shop, hangedman_abyss_or_decor_passed
D:7:      layout_layer_cave, okawaru_metal_pillars_3, moated_statue,
          hangedman_decor_points
D:8:      corexii_shack_village, layout_gridville, serial_shops,
          nicolae_shop_temple_entry_statues_fountains, uniq_psyche, uniq_erica
D:9:      layout_rooms, nicolae_wwwww, hangedman_ranch [blue_anna_fruit_fields],
          lightli_church_of_beogh
D:10:     lemuel_ice_statue, layout_cave_pools, special_room [special_room_bee]
D:11:     layout_cave_pools, minmay_lair_entry_grove, david_orc_4,
          maelrawn_ghost_gauntlet_escape
Temple:   eino_temple_scatter_basement

Skill      XL: |  1  2  3  4  5  6  7  8  9 10 11 |
---------------+----------------------------------+-----
Axes           | 4 5 6 7 8 9 11 13 14 | 14.7
Fighting       | 9 13 15 | 15.0
Long Blades    | |  0.2
Armour         | |  2.4
Dodging        | |  2.1

Action                   |  1- 3 |  4- 6 |  7- 9 | 10-12 || total
-------------------------+-------+-------+-------+-------++-------
Melee: Hand axe          |    88 |    82 |   373 |   363 ||   906
       Headbutt          |     6 |     5 |    64 |    80 ||   155
       Scimitar          |       |       |       |     9 ||     9
Invok: Trog's Hand       |       |     1 |     2 |     2 ||     5
       Berserk           |       |       |     2 |     4 ||     6
  Use: Scroll            |     8 |     3 |     5 |     5 ||    21
       Potion            |     1 |     1 |     1 |     7 ||    10
  Eat: Chunk             |     2 |     5 |    19 |    12 ||    38
       Ration            |       |       |     1 |     3 ||     4
Armor: Animal skin       |    10 |       |       |       ||    10
       Ring mail         |    20 |    28 |   106 |   117 ||   271
Dodge: Dodged            |    46 |    63 |   162 |   133 ||   404
